 Dungeon Crawl Stone Soup version 0.24.0-2-g5b39cebb1c (webtiles) character file.

Game seed: 17367479219172860491, levelgen mode: deterministic

401 MTVSty1e the Changer (level 6, -3/51 HPs)
             Began as a Draconian Transmuter on Oct 29, 2019.
             Slain by Grinder (9 damage)
             ... while paralysed by Grinder
             ... on level 3 of the Dungeon.
             The game lasted 00:06:50 (3187 turns).

MTVSty1e the Changer (Draconian Transmuter)         Turns: 3187, Time: 00:06:51

Health: -3/51      AC:  2    Str: 14    XL:     6   Next: 54%
Magic:  14/19      EV:  5    Int: 14    God:
Gold:   197        SH:  0    Dex: 16    Spells: 8/11 levels left

rFire    . . .     SeeInvis .     - Unarmed
rCold    . . .     Gourm    .   (shield currently unavailable)
rNeg     . . .     Faith    .   (armour unavailable)
rPois    .         Spirit   .   (helmet currently unavailable)
rElec    .         Reflect  .   (cloak currently unavailable)
rCorr    .         Harm     .   (gloves currently unavailable)
MR       .....                  (boots currently unavailable)
Stlth    +.........             (no amulet)
HPRegen  0.17/turn              m - ring of poison resistance
MPRegen  0.16/turn              p - ring of magical power

@: paralysed, spider-form, very slightly contaminated
A: tiny, unfitting armour, AC +6
a: End Transformation


You were on level 3 of the Dungeon.
You were not hungry.
You were a venomous arachnid creature.
You visited 1 branch of the dungeon, and saw 3 of its levels.

You collected 197 gold pieces.

Inventory:

Hand Weapons
 c - a +2 vampiric short sword
 e - a +0 short sword
 h - a +5 short sword of speed (melded)
 o - a +1 dagger of speed
Missiles
 t - 30 arrows
Jewellery
 m - a ring of poison resistance (left front leg)
 p - a ring of magical power (right front leg)
 q - an uncursed ring of protection from magic {unknown}
Scrolls
 d - 5 scrolls of identify
 g - a scroll of enchant weapon
 i - a scroll of blinking
 l - a scroll of enchant armour
Potions
 a - a potion of mutation {unknown}
 b - 2 potions of curing
 j - a potion of haste {unknown}
 k - a potion of lignification
 n - a potion of invisibility
 r - a potion of brilliance {unknown}
 s - a potion of cancellation {unknown}
Comestibles
 f - 2 rations


   Skills:
 + Level 3.1 Fighting
 * Level 3.5 Short Blades
 - Level 1.7 Dodging
 - Level 3.0 Unarmed Combat
 + Level 3.1 Spellcasting
 * Level 4.4 Transmutations


You had 8 spell levels left.
You knew the following spells:

 Your Spells              Type           Power        Failure   Level  Hunger
b - Spider Form           Tmut/Pois      #.........   47%         3    ###....

Your spell library contained the following spells:

 Spells                   Type           Power        Failure   Level  Hunger
 Beastly Appendage        Tmut           ##....       12%         1    #......
 Sticks to Snakes         Tmut           ##......     16%         2    ##.....
 Ice Form                 Ice/Tmut       #.......     82%         4    #####..
 Blade Hands              Tmut           ##........   85%         5    ######.


Dungeon Overview and Level Annotations

Branches:
Dungeon (3/15)

Altars:
Elyvilon
Fedhas
Hepliaklqana
Uskayaw
Wu Jian

Annotations:
D:3 Grinder


Innate Abilities, Weirdness & Mutations

((Your plain brown scales are hard. (AC +6)))
You cannot fit into any form of body armour.
((You are cold-blooded and may be slowed by cold attacks.))


Message History

You puncture Grinder!
Your tail-slap misses Grinder.
Grinder is heavily wounded.
Grinder blinks!
Casting: Spider Form (safe; 26% risk of failure)
Confirm with . or Enter, or press ? or * to list all spells.
You turn into a venomous arachnid creature.
Your +5 short sword of speed melds into your body.
Grinder barely misses you.
You hit Grinder.
Grinder is severely wounded.
Grinder gestures at you.
You suddenly lose the ability to move!
Grinder hits you.
You writhe in agony.
Grinder hits you!
You writhe in agony.
Grinder hits you.
* * * LOW HITPOINT WARNING * * *
You writhe in agony.
* * * LOW HITPOINT WARNING * * *
Grinder hits you!
You die...

#.....# #..#.#. #.##.##
#..#...
###.##.#######..#... ##
#.............[..... .#
#.............###... .##
##...##.###.###.##...
..###########....>#.##.##
##.#.#.
.......................#
#...#.
.÷###########...s.####.##
##..... ..# ##..5##
##.###..###. ..#
#....#######......##. ..#
#..............)...# ..##
#..................#
...##
##############.()..#
....## ##.††## .....##
##.## ......# #.#


You could see Grinder.

Vanquished Creatures
  An ogre (D:2)
  2 orc priests (D:3)
  Jessica (D:2)
  2 orc wizards (D:3)
  A worker ant (D:3)
  6 adders
  An ooze (D:2)
  A worm (D:3)
  6 dart slugs
  5 leopard geckos
  An orc (D:3)
  8 bats
  4 giant cockroaches
  7 hobgoblins
  3 jackals (D:1)
  2 quokkas (D:2)
  3 ball pythons
  6 frilled lizards
  6 goblins
  14 kobolds
  11 rats
91 creatures vanquished.

Notes
Turn   | Place    | Note
-------+----------+-------------------------------------------
     0 | D:1      | MTVSty1e the Draconian Transmuter began the quest for the
                  | Orb.
     0 | D:1      | Reached XP level 1. HP: 16/16 MP: 3/3
   243 | D:1      | Reached XP level 2. HP: 20/23 MP: 5/5
   668 | D:1      | Reached XP level 3. HP: 29/29 MP: 6/6
  1001 | D:2      | Noticed an ogre
  1063 | D:2      | Reached skill level 1 in Short Blades
  1351 | D:2      | Reached skill level 3 in Transmutations
  1360 | D:2      | Reached XP level 4. HP: 25/36 MP: 7/7
  1571 | D:2      | Learned a level 3 spell: Spider Form
  1589 | D:2      | Killed an ogre
  1589 | D:2      | Reached XP level 5. HP: 30/42 MP: 4/9
  1599 | D:2      | Found a hazy altar of Hepliaklqana.
  1841 | D:2      | Found a white marble altar of Elyvilon.
  1841 | D:2      | Found an ornate altar of the Wu Jian Council.
  1847 | D:2      | Found a faded altar of an unknown god.
  1849 | D:2      | Found a faded altar of an unknown god.
  1851 | D:2      | Found a blossoming altar of Fedhas.
  1935 | D:2      | Noticed Jessica
  1945 | D:2      | Killed Jessica
  2319 | D:3      | Reached skill level 4 in Transmutations
  2426 | D:3      | Reached XP level 6. HP: 33/50 MP: 10/10
  3017 | D:3      | Found a hide-covered altar of Uskayaw.
  3151 | D:3      | Noticed Grinder
  3153 | D:3      | Paralysed by Grinder for 4 turns
  3183 | D:3      | Paralysed by Grinder for 6 turns
  3187 | D:3      | Slain by Grinder

Levels and vault maps discovered:
D:1:      dpeg_arrival_arbitrary_b, layout_loops_corners, minmay_pentomino_z2
D:2:      kennysheep_six_static_rooms, layout_rooms,
          chequers_temple_overflow_minitemple, lemuel_coloured_pillars_altar,
          minmay_vboxes, uniq_jessica
D:3:      layout_loops_ring, eat_drink_and_be_merry_uskayaw, first_ration,
          solitary_fountain, uniq_grinder

Skill      XL: |  1  2  3  4  5  6 |
---------------+-------------------+-----
Short Blades   | 1 2 3 |  3.5
Fighting       | 2 3 |  3.1
Transmutations | 3 4 |  4.4
Spellcasting   | 3 |  3.1
Dodging        | |  1.7
Unarmed Combat | |  3.0

Action                   |  1- 3 |  4- 6 || total
-------------------------+-------+-------++-------
Melee: Short sword       |    77 |   174 ||   251
       Unarmed           |    11 |    24 ||    35
       Tailslap          |     8 |    14 ||    22
       Punch             |     1 |     2 ||     3
 Cast: Spider Form       |       |     4 ||     4
       Beastly Appendage |       |     1 ||     1
  Use: Scroll            |     3 |    10 ||    13
       Potion            |       |     1 ||     1
 Stab: Sleeping          |     2 |       ||     2
  Eat: Ration            |     1 |       ||     1
       Chunk             |       |     4 ||     4
Armor: Skin              |    26 |    39 ||    65
Dodge: Dodged            |    56 |    99 ||   155
